 Dungeon Crawl Stone Soup version 0.22-a0-533-g4d20840 (webtiles) character file.

665 Amnesiac the Ducker (level 7, -6/35 HPs)
             Began as a Spriggan Berserker on June 22, 2018.
             Was an Elder of Trog.
             Killed from afar by an orc wizard (10 damage)
             ... with a magic dart
             ... on level 6 of the Dungeon.
             The game lasted 00:13:07 (4683 turns).

Amnesiac the Ducker (Spriggan Berserker)            Turns: 4683, Time: 00:13:08

Health: -6/35      AC:  2    Str: 15    XL:     7   Next: 31%
Magic:  8/8        EV: 21    Int:  8    God:    Trog [****..]
Gold:   202        SH:  9    Dex: 16    Spells: 6/6 levels left

rFire    . . .     SeeInvis +   b - +2 hunting sling (freeze)
rCold    . . .     Gourm    .   j - +3 buckler
rNeg     . . .     Faith    .   o - +0 animal skin
rPois    .         Spirit   .   (helmet restricted)
rElec    .         Reflect  .   (no cloak)
rCorr    .         Harm     .   (gloves unavailable)
MR       +....                  (boots unavailable)
Stlth    +++.......             (no amulet)
HPRegen  0.11/turn              (no ring)
MPRegen  0.11/turn              (no ring)

@: drained, very quick
A: very small, unfitting armour, see invisible, herbivore, speed 3, slow
metabolism 2
a: Berserk, Trog's Hand, Brothers in Arms, Renounce Religion


You were on level 6 of the Dungeon.
You worshipped Trog.
Trog was greatly pleased with you.
You were not hungry.

You visited 1 branch of the dungeon, and saw 6 of its levels.

You collected 202 gold pieces.

Inventory:

Hand Weapons
 a - a +0 short sword
 b - a +2 hunting sling of freezing (weapon)
 f - a +2 dagger of speed
Missiles
 e - 107 stones (quivered)
 h - 21 sling bullets
 k - 5 tomahawks
 n - a throwing net
 t - 8 needles of confusion
Armour
 j - a +3 buckler (worn)
 o - a +0 animal skin (worn)
Wands
 s - a wand of acid (7)
Scrolls
 g - a scroll of teleportation {!r}
 r - 2 scrolls of enchant armour {!r}
 u - a scroll of remove curse {!r}
Potions
 d - 2 potions of agility {!q}
 i - 3 potions of curing {!q}
 l - 2 potions of might {!q}
 m - 2 potions of flight {!q, unknown}
 p - a potion of brilliance {!q, unknown}
 q - a potion of mutation {!q, unknown}
 v - a potion of heal wounds {!q, unknown}
Comestibles
 c - 7 rations


   Skills:
 - Level 2.4(2.0) Fighting
 * Level 6.3(5.9) Short Blades
 + Level 6.5(6.2) Dodging
 + Level 6.2(5.8) Stealth
 + Level 2.2(1.9) Shields


You had 6 spell levels left.
You didn't know any spells.
Your spell library was empty.

Dungeon Overview and Level Annotations

Branches:
Dungeon (6/15)
 Temple: D:4-7

Altars:
Ashenzari


Innate Abilities, Weirdness & Mutations

You are very small and have problems with some larger weapons.
You are too small for most types of armour.
You have supernaturally acute eyesight. (SInv)
You are a herbivore.
You cover ground extremely quickly.
You need to consume almost no food.


Message History

The ogre hits you with a giant spiked club!
Things that are here:
a shortbow; 19 arrows; a centaur corpse
There is a stone staircase leading down here.
You climb downwards. 3 wights come into view.
A wight is wielding a falchion of protection.
Found an inky potion.
Found a stone staircase leading up.
There is a stone staircase leading up here.
Really read
g - 2 scrolls of teleportation {!r}?
As you read the scroll of teleportation {!r}, it crumbles to dust.
You feel strangely unstable.
The wight hits you with a falchion of protection!
* * * LOW HITPOINT WARNING * * *
You feel drained.
* * * LOW HITPOINT WARNING * * *
Really quaff
i - 4 potions of curing {!q}?
You feel better. You block the wight's attack. x2
You block the wight's attack. The wight completely misses you.
The wight misses you. You block the wight's attack.
Your surroundings suddenly seem different.
An orc comes into view. It is wielding a trident.
An orc comes into view.
Firing (i - inventory. (/) - cycle)
e - 112 stones (quivered)
Press: ? - help, Shift-Dir - straight line, f - orc
Aim: an orc (hasn't noticed you)
You shoot a stone. The stone barely misses the orc.
The orc shouts!
Firing (i - inventory. (/) - cycle)
e - 111 stones (quivered)
Press: ? - help, Shift-Dir - straight line, f/p - orc
Aim: an orc You shoot a stone.
The stone hits the orc.
The stone freezes the orc.
The orc is moderately wounded.
An orc wizard comes into view. It is wielding a dagger.
Firing (i - inventory. (/) - cycle)
e - 110 stones (quivered)
Press: ? - help, Shift-Dir - straight line, f/p - orc
Aim: an orc (moderately wounded)
You shoot a stone. The stone hits the orc!
The stone freezes the orc.
You kill the orc!
Trog accepts your kill. The orc misses you. The orc closely misses you.
A centaur comes into view.
The centaur moves out of view.
Firing (i - inventory. (/) - cycle)
e - 109 stones (quivered)
Press: ? - help, Shift-Dir - straight line, f - orc
Aim: an orc, wielding a trident and wearing a scale mail You shoot a stone.
The stone hits the orc but does no damage.
The orc wizard casts a spell.
The orc wizard blinks!
Firing (i - inventory. (/) - cycle)
e - 108 stones (quivered)
Press: ? - help, Shift-Dir - straight line, f/p - orc
Aim: an orc, wielding a trident and wearing a scale mail You shoot a stone.
The stone barely misses the orc.
The stone barely misses the orc wizard.
The centaur wields a shortbow.
The centaur shoots an arrow.
You block the arrow. The orc completely misses you.
The centaur shoots an arrow.
The arrow hits you!
* * * LOW HITPOINT WARNING * * *
You see here an arrow.
The orc wizard points at you and mumbles some strange words.
The magic dart hits you!
You die...

# #. #.## .(. #
#.#### #.#((..#
#...(o.######.#
#(..o((@....#
#..#.######c...
#..#.# #
......#
########


You could see a centaur, an orc wizard and an orc.

Vanquished Creatures
  A centaur (D:5)
  An ogre (D:4)
  2 big kobolds (D:4)
  A howler monkey (D:4)
  An iguana (D:4)
  Ijyb (D:3)
  A worker ant (D:4)
  7 gnolls (D:3)
  4 adders
  An adder skeleton (D:4)
  2 worms
  4 dart slugs
  5 leopard geckos
  10 orcs
  2 ball pythons
  8 bats
  7 giant cockroaches
  7 goblins
  10 hobgoblins
  20 jackals
  A quokka (D:4)
  5 frilled lizards
  14 kobolds
  A leopard gecko skeleton (D:4)
  A quokka skeleton (D:4)
  5 rats
122 creatures vanquished.

Vanquished Creatures (others)
  A kobold (D:3)
  11 fungi (D:4)
12 creatures vanquished.

Grand Total: 134 creatures vanquished

Notes
Turn   | Place    | Note
-------+----------+-------------------------------------------
     0 | D:1      | Amnesiac the Spriggan Berserker began the quest for the Orb.
     0 | D:1      | Reached XP level 1. HP: 11/11 MP: 2/2
    60 | D:1      | Reached skill level 1 in Stealth
    90 | D:1      | Reached XP level 2. HP: 14/16 MP: 3/3
   596 | D:1      | Reached XP level 3. HP: 8/19 MP: 4/4
   605 | D:1      | Reached ** piety under Trog
  1229 | D:2      | Reached XP level 4. HP: 23/23 MP: 5/5
  1429 | D:2      | Reached skill level 5 in Dodging
  1496 | D:2      | Found a shattered altar of Ashenzari.
  2777 | D:3      | Noticed Ijyb
  2834 | D:3      | Reached *** piety under Trog
  2836 | D:3      | Reached skill level 1 in Shields
  2902 | D:3      | Reached XP level 5. HP: 22/27 MP: 6/6
  3099 | D:3      | Killed Ijyb
  3552 | D:3      | Reached skill level 5 in Stealth
  3734 | D:4      | Reached skill level 5 in Short Blades
  3777 | D:4      | Reached XP level 6. HP: 28/32 MP: 7/7
  4124 | D:4      | Reached XP level 7. HP: 30/35 MP: 8/8
  4184 | D:4      | Reached **** piety under Trog
  4636 | D:5      | Entered Level 5 of the Dungeon
  4683 | D:6      | Killed from afar by an orc wizard

Vault maps used:
D:1:      shiori_arrival_maze
D:2:      serial_park_tiny_pond, nicolae_ashenzari_panopticon
D:3:      uniq_ijyb
D:4:      cheibrodos_thug_alley, serial_aquarium, aquarium_bridge_straight,
          aquarium_window_2, aquarium_window_3, aquarium_view_2c,
          aquarium_balcony_double_1, aquarium_pool_1
D:5:      first_ration, minmay_misc_feat_room, guppyfry_early_orc_mine
D:6:      gammafunk_temple_overflow_statue, minmay_temple_entry_enclosed_plants

Skill      XL: |  1  2  3  4  5  6  7 |
---------------+----------------------+-----
Stealth        | 2 3 4 5 6 |  6.2
Short Blades   | 4 5 6 |  6.3
Dodging        | 5 6 |  6.5
Shields        | 1 2 |  2.2
Fighting       | |  2.4

Action                   |  1- 3 |  4- 6 |  7- 9 || total
-------------------------+-------+-------+-------++-------
Melee: Short sword       |   211 |   125 |       ||   336
 Fire: Hunting sling     |       |   171 |    49 ||   220
  Use: Scroll            |     7 |     5 |     1 ||    13
       Potion            |     1 |       |     1 ||     2
 Stab: Sleeping          |     8 |     1 |       ||     9
  Eat: Ration            |       |     2 |       ||     2
Armor: Animal skin       |    12 |     3 |       ||    15
Dodge: Dodged            |   160 |   112 |    20 ||   292
Block: Buckler           |    35 |    66 |    14 ||   115

Table legend:
 A = Spawn XP
 B = Non-spawn XP
 C = Spawn XP percentage of total XP
 D = Spawn monster count
 E = Non-spawn monster count
 F = Spawn count percentage of total count
 G = Total turns spent on level
                    A         B        C        D         E        F      G
               +---------+---------+-------+---------+---------+-------+---------
         Total |       0 |     951 |   0.0 |       0 |     122 |   0.0 |  4683
               +---------+---------+-------+---------+---------+-------+---------
           D:1 |       0 |      61 |   0.0 |       0 |      31 |   0.0 |   826
           D:2 |       0 |      73 |   0.0 |       0 |      25 |   0.0 |  1470
           D:3 |       0 |     198 |   0.0 |       0 |      33 |   0.0 |  1431
           D:4 |       0 |     501 |   0.0 |       0 |      31 |   0.0 |   909
           D:5 |       0 |     115 |   0.0 |       0 |       1 |   0.0 |    32
           D:6 |       0 |       3 |   0.0 |       0 |       1 |   0.0 |    15
               +---------+---------+-------+---------+---------+-------+---------
